 Dungeon Crawl Stone Soup version 0.30-a0-1016-gfb0d676c02 (webtiles) character file.

Game seed: 14253224413565231529

9826 jasper the Skirmisher (level 11, 0/91 HPs)
             Began as a Hill Orc Hedge Wizard on Apr 6, 2023.
             Was an Elder of Dithmenos.
             Killed from afar by a gargoyle (26 damage)
             ... with a stone arrow
             ... on level 10 of the Dungeon.
             The game lasted 00:21:07 (11347 turns).

jasper the Skirmisher (Hill Orc Hedge Wizard)      Turns: 11347, Time: 00:21:07

Health: 0/91       AC: 23    Str: 24    XL:     11   Next: 52%
Magic:  14/14      EV:  4    Int: 14    God:    Dithmenos [****..]
Gold:   1222       SH:  0    Dex: 10    Spells: 13/14 levels left

rFire   . . .      SeeInvis .    r - +1 sling (heavy)
rCold   . . .      Faith    .    (no shield)
rNeg    . . .      Spirit   .    I - +0 crystal plate armour
rPois   +          Reflect  .    c - +0 hat
rElec   .          Rampage  +    o - +0 cloak
rCorr   .                        B - +0 pair of gloves
Will    .....                    F - +2 pair of boots {rampage} Stlth
                                 (no amulet)
HPRegen 0.35/turn                e - ring of poison resistance
MPRegen 0.14/turn                i - +6 ring of strength

@: wreathed by umbra
A: no striking features
a: Renounce Religion, Shadow Step


You were on level 10 of the Dungeon.
You worshipped Dithmenos.
Dithmenos was greatly pleased with you.
You visited 2 branches of the dungeon, and saw 11 of its levels.
You also visited: Bailey.

You collected 1602 gold pieces.
You spent 380 gold pieces at shops.

Inventory:

Hand Weapons
 a - a +0 dagger
 r - a +1 heavy sling (weapon)
 t - a +0 whip
 v - a +0 shortbow
Missiles
 f - 13 poisoned darts
 u - 17 boomerangs
 A - 29 javelins
Armour
 b - a +0 robe
 c - a +0 hat (worn)
 l - a +0 chain mail
 o - a +0 cloak (worn)
 B - a +0 pair of gloves (worn)
 E - the +1 scale mail of Cacifur {Regen+ MP-9 Str+3 Dex+7}
   (You bought it in a shop on level 1 of the Dungeon)

   Str:       It affects your strength (+3).
   Dex:       It affects your dexterity (+7).
   MP:        It affects your magic capacity (-9).
   Regen:     It increases your rate of health regeneration.
 F - a +2 pair of boots of rampaging (worn)
 I - a +0 crystal plate armour (worn)
Jewellery
 e - a ring of poison resistance (left hand)
 i - a +6 ring of strength (right hand)
 j - a +4 ring of protection
 k - a +6 ring of strength
 K - a +6 ring of intelligence
 M - a +6 ring of intelligence
Wands
 z - a wand of digging (3)
 D - a wand of flame (18)
 J - a wand of charming (10)
Scrolls
 h - a scroll of immolation
 y - 4 scrolls of fog
 C - 3 scrolls of teleportation
 H - 6 scrolls of enchant weapon
 O - 3 scrolls of identify
Potions
 d - 3 potions of magic
 m - 4 potions of curing
 n - a potion of might
 p - 3 potions of brilliance
 q - 3 potions of mutation
 s - a potion of cancellation
 w - 2 potions of ambrosia
 x - 2 potions of haste
 G - a potion of attraction
 L - a potion of heal wounds
 P - a potion of degeneration {unknown}
Miscellaneous
 N - a tin of tremorstones (2/2)


   Skills:
 + Level 6.8 Fighting
 - Level 14.0 Ranged Weapons
 + Level 5.9 Armour
 - Level 1.9 Dodging
 - Level 1.5 Stealth
 - Level 2.4 Spellcasting
 - Level 1.0 Conjurations
 - Level 1.0 Summonings
 - Level 0.7 Translocations
 - Level 4.5 Invocations


You had 13 spell levels left.
You knew the following spells:

 Your Spells              Type           Power      Damage    Failure   Level
a - Magic Dart            Conj           16%        1d3       100%        1

Your spell library contained the following spells:

 Spells                   Type           Power      Damage    Failure   Level
 Slow                     Hex            4%         N/A       100%        1
 Blink                    Tloc           6%         N/A       100%        2
 Call Imp                 Summ           4%         N/A       100%        2
 Cigotuvi's Dreadful Rot  Necr/Pois/Air  2%         N/A       100%        2
 Lesser Beckoning         Tloc           6%         N/A       100%        2
 Momentum Strike          Conj/Tloc      8%         3d8       100%        2
 Dazzling Flash           Conj/Hex       6%         N/A       100%        3
 Inner Flame              Hex/Fire       1%         N/A       100%        3
 Mephitic Cloud           Conj/Pois/Air  2%         N/A       100%        3
 Vhi's Electric Charge    Tloc/Air       4%         N/A       100%        3
 Volatile Blastmotes      Fire/Tloc      4%         2d10      100%        3
 Anguish                  Hex/Necr       0%         N/A       100%        4
 Flame Wave               Conj/Fire      3%         2d5       100%        4
 Iskenderun's Mystic Bla  Conj/Tloc      4%         2d3       100%        4
 Manifold Assault         Tloc           3%         N/A       100%        4
 Sticky Flame             Conj/Fire      3%         2d3       100%        4
 Arcjolt                  Conj/Air       1%         1d11      100%        5
 Plasma Beam              Fire/Air       0%         2x1d11    100%        6
 Starburst                Conj/Fire      1%         6d3       100%        6
 Enfeeble                 Hex            0%         N/A       100%        7
 Storm Form               Tmut/Air       0%         N/A       100%        7


Dungeon Overview and Level Annotations

Branches:
Dungeon (10/15)            Temple (1/1) D:4            Lair (0/5) D:8
 Bailey (visited)
    Orc: D:9-12

Altars:
Ashenzari
Cheibriados
Dithmenos
Fedhas
Hepliaklqana
Kikubaaqudgha
Nemelex Xobeh
Trog
Vehumet
Yredelemnul
The Shining One

Shops:
D:1 [

Annotations:
D:7 Maggie
D:10 exclusion: door


Message History

You take 21 damage, and have 50/91 hp.
MASSIVE DAMAGE!!
Fire: r) +1 sling (heavy)
Press: ? - help, Q - select action, (/) - cycle Shift-Dir - straight line, f/p - gargoyle
Aim: a gargoyle, wielding a +0 morningstar (umbra, 79% to hit)
You shoot a sling bullet.
The sling bullet hits the gargoyle but does no damage.
Your shadow shoots a sling bullet.
The sling bullet hits the gargoyle.
The gargoyle hurls a stone arrow at you.
The stone arrow hits you but does no damage.
The gargoyle hurls a stone arrow at you.
The stone arrow hits you but does no damage.
Fire: r) +1 sling (heavy)
Press: ? - help, Q - select action, (/) - cycle Shift-Dir - straight line, f/p - gargoyle
Aim: a gargoyle, wielding a +0 morningstar (lightly damaged, umbra, 79% to hit)
You shoot a sling bullet. The sling bullet hits the gargoyle!
The gargoyle is moderately damaged.
The gargoyle barely misses you.
The gargoyle hits you with a +0 morningstar.
You take 2 damage, and have 49/91 hp.
You shoot a sling bullet.
The sling bullet hits the gargoyle but does no damage.
The gargoyle is moderately damaged.
The gargoyle hits you with a +0 morningstar.
You take 3 damage, and have 46/91 hp.
You shoot a sling bullet.
The sling bullet hits the gargoyle but does no damage.
The gargoyle is moderately damaged.
The gargoyle barely misses you. x2
You shoot a sling bullet.
The sling bullet hits the gargoyle but does no damage.
The gargoyle is moderately damaged.
The gargoyle hurls a stone arrow at you.
The stone arrow hits you!
The gargoyle hits you with a +0 morningstar!
* * * LOW HITPOINT WARNING * * *
You shoot a sling bullet. The sling bullet hits the gargoyle!
The gargoyle is almost destroyed.
The gargoyle hurls a stone arrow at you.
The stone arrow hits you!!
You die...

.........'...#.....######
..########...#.....# .
#....##...#.....#
..##....##...#
.............#
.............#
........######
..##....##...# .
#....@9...#
.........#...+ .........#
..# ########## ##


You could see a gargoyle.

Vanquished Creatures
  A two-headed ogre (D:10)
  Erica (D:8)
  Pikel (D:8)
  A cyclops (D:9)
  2 hornets (D:10)
  2 wyverns (D:9)
  13 yaks
  2 steam dragons (D:8)
  2 wargs (D:8)
  2 acid dragons
  2 water moccasins
  2 ice beasts (D:6)
  15 orc warriors
  12 centaurs
  3 phantoms
  2 bullfrogs (D:8)
  Blork the orc (D:4)
  A kobold brigand (D:9)
  2 scorpions (D:6)
  4 wights (D:8)
  4 electric eels (D:9)
  3 orc priests
  2 jellies
  2 sleepcaps (D:6)
  Natasha (thrice) (D:2)
  An iguana (D:4)
  Ijyb (D:4)
  14 orc wizards
  4 gnolls (D:3)
  4 adders
  A shadow imp (D:5)
  A white imp (D:6)
  2 worms
  52 orcs
  7 ball pythons
  2 endoplasms
  3 giant cockroaches
  6 goblins
  4 hobgoblins
  13 kobolds
  2 quokkas (D:4)
  A bat (D:3)
  5 rats
208 creatures vanquished.

Vanquished Creatures (others)
  A plant (D:8)
1 creature vanquished.

Grand Total: 209 creatures vanquished

Notes
Turn   | Place    | Note
-------+----------+-------------------------------------------
     0 | D:1      | jasper the Hill Orc Hedge Wizard began the quest for the
                  | Orb.
     0 | D:1      | Reached XP level 1. HP: 14/14 MP: 3/3
   381 | D:1      | Reached skill level 1 in Fighting
   937 | D:1      | Found Zih Vus's Armour Emporium.
  1555 | D:2      | Reached XP level 2. HP: 23/23 MP: 5/5
  1610 | D:2      | Noticed Natasha
  1624 | D:2      | Killed Natasha
  1625 | D:2      | Reached skill level 1 in Armour
  1625 | D:2      | Reached XP level 3. HP: 23/30 MP: 6/6
  1631 | D:2      | Noticed Natasha
  1639 | D:2      | Killed Natasha
  1640 | D:2      | Reached XP level 4. HP: 34/38 MP: 7/7
  1714 | D:2      | Found a faded altar of an unknown god.
  1720 | D:2      | Prayed at the altar of an unknown god.
  1720 | D:2      | Became a worshipper of Dithmenos the Shadowed
  1720 | D:2      | Reached * piety under Dithmenos
  1783 | D:2      | Noticed Natasha
  1791 | D:2      | Killed Natasha
  2563 | D:3      | Reached XP level 5. HP: 46/46 MP: 8/8
  3032 | D:3      | Reached skill level 1 in Ranged Weapons
  3948 | D:4      | Noticed Ijyb
  3995 | D:4      | Killed Ijyb
  4103 | D:4      | Reached XP level 6. HP: 37/52 MP: 9/9
  4213 | D:4      | Reached skill level 2 in Ranged Weapons
  4213 | D:4      | Reached ** piety under Dithmenos
  4338 | D:4      | Found an ancient bone altar of Kikubaaqudgha.
  4342 | D:4      | Found a bloodstained altar of Trog.
  4344 | D:4      | Found a sparkling altar of Nemelex Xobeh.
  4448 | D:4      | HP: 2/53 [iguana (10)]
  4685 | D:4      | Found a staircase to the Ecumenical Temple.
  4802 | D:4      | Noticed Blork the orc
  4964 | D:5      | Entered Level 5 of the Dungeon
  5042 | D:4      | Reached skill level 5 in Fighting
  5042 | D:4      | Reached skill level 3 in Ranged Weapons
  5042 | D:4      | Reached XP level 7. HP: 19/61 MP: 10/10
  5335 | D:5      | Identified a scroll of acquirement
  5335 | D:5      | Acquired 1071 gold pieces
  5796 | D:1      | Bought the +1 scale mail of Cacifur {Regen+ MP-9 Str+3
                  | Dex+7} for 199 gold pieces
  5796 | D:1      | Bought a +1 pair of boots of rampaging for 181 gold pieces
  5934 | D:4      | Killed Blork the orc
  6126 | Temple   | Entered the Ecumenical Temple
  6230 | D:5      | Reached skill level 4 in Ranged Weapons
  6369 | D:6      | Reached skill level 5 in Ranged Weapons
  6427 | D:6      | Reached XP level 8. HP: 68/68 MP: 2/11
  6429 | D:6      | Found a snail-covered altar of Cheibriados.
  6522 | D:6      | Reached skill level 6 in Ranged Weapons
  6789 | D:6      | Reached skill level 7 in Ranged Weapons
  7096 | D:7      | Noticed Maggie
  7101 | D:7      | Noticed a hornet
  7141 | D:7      | Reached skill level 8 in Ranged Weapons
  7182 | D:8      | Noticed a yak
  7182 | D:8      | Noticed a yak
  7200 | D:7      | Killed a yak
  7201 | D:7      | Reached XP level 9. HP: 45/74 MP: 3/12
  7257 | D:7      | Reached skill level 9 in Ranged Weapons
  7533 | D:8      | Reached skill level 10 in Ranged Weapons
  7688 | D:8      | Noticed Erica
  7716 | D:8      | Killed Erica
  7717 | D:8      | Reached skill level 11 in Ranged Weapons
  7740 | D:8      | Reached XP level 10. HP: 81/81 MP: 4/13
  7853 | D:8      | Found a staircase to the Lair.
  7875 | D:8      | Reached *** piety under Dithmenos
  7943 | D:8      | Noticed Pikel
  7958 | D:8      | Killed Pikel
  7959 | D:8      | Reached skill level 12 in Ranged Weapons
  8045 | D:8      | Found a broken altar of Ashenzari.
  8470 | D:9      | Reached skill level 13 in Ranged Weapons
  8475 | D:9      | Found a flagged portal.
  8488 | Bailey   | Entered a bailey
  8871 | Bailey   | Reached **** piety under Dithmenos
  8890 | Bailey   | Reached XP level 11. HP: 62/86 MP: 5/14
  8931 | Bailey   | Reached skill level 14 in Ranged Weapons
  8959 | Bailey   | Reached skill level 1 in Invocations
  9361 | D:9      | Found a blossoming altar of Fedhas.
  9456 | D:9      | Noticed a cyclops
  9709 | D:9      | Killed a cyclops
  9710 | D:9      | Reached skill level 5 in Armour
 10537 | D:10     | Entered Level 10 of the Dungeon
 10749 | D:10     | Paralysed by a hornet for 2 turns
 10814 | D:10     | Paralysed by a hornet for 3 turns
 11130 | D:10     | Noticed a two-headed ogre
 11140 | D:10     | Killed a two-headed ogre
 11347 | D:10     | Killed from afar by a gargoyle

Illustrated notes

Levels and vault maps discovered:
D:1:      minmay_arrival_nine_rooms, layout_basic, serial_rivers,
          chequers_serial_rivers_large_a, chequers_serial_rivers_large_b,
          chequers_serial_rivers_micro_b, chequers_serial_rivers_small_b,
          serial_shops, shop, chequers_serial_rivers_small_a,
          grunt_decor_resistance, nicolae_hexahallways
D:2:      layout_basic, ebering_ecumenical_altar_rust, uniq_natasha
D:3:      layout_basic, serial_co_window_serial, co_window_paths_a,
          co_window_paths_a, co_window_paths_b, co_window_of_opportunity_a,
          co_window_of_opportunity_a, co_window_cross_1, co_window_paths_b,
          co_window_unsneaky_path_c, co_window_2corner, co_window_paths_c,
          co_window_corner_ca, glass_columns_b
D:4:      layout_loops_ring, nicolae_overflow_hidden_temple,
          minmay_temple_entry_offerings, uniq_blork_the_orc, uniq_ijyb
D:5:      layout_cave_pools
D:6:      layout_gridville, cheibriados_altar_1, dk_noncrumbling_3
D:7:      layout_cave_pools, xom_confusion_cloud, uniq_maggie
D:8:      layout_loops_ring, evilmike_ruin_ashenzari, erik_lair_orcish_takeover,
          uniq_erica, uniq_pikel
D:9:      layout_basic, fedhas_altar_1, enter_bailey_2,
          kennysheep_cluttered_room, minmay_strange_pillars, hive_lemuel
D:10:     layout_gridville, general_overflow_altar, uniq_gastronok
Temple:   hellmonk_temple_two_chambers

Skill      XL: |  1  2  3  4  5  6  7  8  9 10 11 |
---------------+----------------------------------+-----
Fighting       | 1 2 3 4 5 6 |  6.8
Armour         | 1 2 3 4 5 |  5.9
Ranged Weapons | 1 3 5 8 11 13 14 | 14.0
Invocations    | 4 |  4.5
Dodging        | |  1.9
Stealth        | |  1.5
Spellcasting   | |  2.4
Conjurations   | |  1.0
Summonings     | |  1.0
Translocations | |  0.7

Action                     |  1- 3 |  4- 6 |  7- 9 | 10-12 || total
---------------------------+-------+-------+-------+-------++-------
  Melee: Whip              |    24 |    66 |       |       ||    90
         Dagger            |     7 |       |       |       ||     7
         Punch             |       |     2 |       |       ||     2
         Unarmed           |       |    35 |       |       ||    35
   Fire: Sling             |       |   252 |   312 |   482 ||  1046
  Throw: Dart              |    13 |    22 |       |       ||    35
         Stone             |     3 |       |       |       ||     3
         Boomerang         |     5 |       |       |       ||     5
   Cast: Magic Dart        |    10 |       |       |       ||    10
  Evoke: Wand              |       |       |     3 |     7 ||    10
    Use: Scroll            |       |    10 |     9 |     6 ||    25
         Potion            |       |     6 |     1 |       ||     7
 Armour: Chain mail        |    24 |   257 |    13 |       ||   294
         Skin              |       |    48 |       |       ||    48
         Scale mail        |       |       |   182 |   100 ||   282
         Crystal plate arm |       |       |       |   126 ||   126
  Dodge: Dodged            |     8 |   154 |   178 |   161 ||   501

Table legend: (Time is in decaauts)
 A = Elapsed time spent in this place.
 B = Non-inter-level travel time spent in this place.
 C = Inter-level travel time spent in this place.
 D = Time resting spent in this place.
 E = Time spent auto-exploring this place.
 F = Levels seen in this place.
 G = Mean time per level.
                   A        B        C        D        E       F      G
               +--------+--------+--------+--------+--------+-----+--------+
         Total |  12055 |  11247 |    808 |    961 |   7009 |  12 | 1004.6 |
       Dungeon |  11274 |  10466 |    808 |    959 |   6655 |  10 | 1127.4 |
        Temple |      1 |      1 |      0 |      0 |      0 |   1 |    1.0 |
        Bailey |    778 |    778 |      0 |      2 |    354 |   1 |  778.0 |
               +--------+--------+--------+--------+--------+-----+--------+

Top non-repeatable levels by time:
     D:4: 1837 daAuts
     D:9: 1480 daAuts
     D:1: 1450 daAuts
     D:3: 1403 daAuts
     D:2: 1322 daAuts
     D:8: 1194 daAuts
     D:6: 902 daAuts
    D:10: 854 daAuts
  Bailey: 778 daAuts
     D:5: 525 daAuts
     D:7: 303 daAuts
  Temple: 1 daAuts
